General information
- name: BNet
- type: Ladder team game (AT/RT)
- host: Battle.net
- saver: GameSpot
map: Battleground
- players: 8
- length: 47:02
- speed: Fast
- version: 1.26 W3XP
- replay type: Public
» download(210 KB)
Players
team 1 (winner)

»
365daysayear (
red | 83 APM | 1407 actions | 16:59)
3 Warden
2 Fan of Knives
1 Shadow Strike
2 Keeper of the Grove
1 Entangling Roots
1 Thorns Aura
» actions
| Assign group hotkey | 31 | |
| Basic commands | 159 | |
| Build / train | 53 | |
| Enter build submenu | 19 | |
| Enter hero's abilities submenu | 5 | |
| Remove unit from queue | 1 | |
| Right click | 538 | |
| Select / deselect | 217 | |
| Select group hotkey | 339 | |
| Use ability | 45 | |
1407 total
» units
| Wisp | 11 | |
| Archer | 5 | |
| Huntress | 2 | |
| Dryad | 6 | |
| Hippogryph | 12 | |
36 total
» upgrades
» buildings
| Altar of Elders | 1 | |
| Moon Well | 7 | |
| Ancient of War | 1 | |
| Hunter's Hall | 1 | |
| Ancient of Wonders | 1 | |
| Tree of Ages | 1 | |
| Ancient Protector | 1 | |
| Ancient of Lore | 2 | |
| Tree of Eternity | 1 | |
| Ancient of Wind | 2 | |
| Tree of Life | 1 | |
19 total
» build order
00:13 Altar of Elders
00:19 Moon Well
01:15 Ancient of War
02:02 Moon Well
02:13 Hunter's Hall
02:28 Moon Well
03:18 Ancient of Wonders
03:48 Tree of Ages
04:03 Moon Well
04:56 Ancient Protector
06:20 Ancient of Lore
06:24 Ancient of Lore
06:49 Tree of Eternity
07:08 Moon Well
07:20 Ancient of Wind
09:14 Moon Well
11:13 Moon Well
12:25 Ancient of Wind
13:04 Tree of Life
» items
| Boots of Speed | 1 | |
| Scroll of Town Portal | 1 | |
2 total

»
Time4Change (
pink | 32 APM | 543 actions | 17:02)
4 Death Knight
2 Death Coil
2 Unholy Aura
2 Lich
1 Frost Nova
1 Frost Armor
» actions
| Build / train | 45 | |
| Enter build submenu | 18 | |
| Enter hero's abilities submenu | 6 | |
| Give item / drop item | 4 | |
| Right click | 284 | |
| Select / deselect | 147 | |
| Use ability | 39 | |
543 total
» units
| Acolyte | 9 | |
| Ghoul | 5 | |
| Crypt Fiend | 4 | |
| Frost Wyrm | 3 | |
21 total
» upgrades
| Creature Attack | 3 | |
| Creature Carapace | 2 | |
| Web | 1 | |
| Freezing Breath | 1 | |
7 total
» buildings
| Crypt | 1 | |
| Graveyard | 1 | |
| Ziggurat | 9 | |
| Altar of Darkness | 1 | |
| Tomb of Relics | 1 | |
| Halls of the Dead | 1 | |
| Nerubian Tower | 2 | |
| Black Citadel | 1 | |
| Sacrificial Pit | 1 | |
| Boneyard | 3 | |
| Spirit Tower | 1 | |
22 total
» build order
00:10 Crypt
00:19 Graveyard
00:41 Ziggurat
01:02 Altar of Darkness
01:29 Ziggurat
02:52 Tomb of Relics
04:10 Halls of the Dead
04:35 Nerubian Tower
05:32 Ziggurat
06:31 Black Citadel
06:41 Sacrificial Pit
08:36 Ziggurat
08:40 Ziggurat
10:40 Boneyard
10:47 Boneyard
10:49 Boneyard
10:52 Ziggurat
10:54 Ziggurat
10:59 Ziggurat
11:01 Ziggurat
15:06 Spirit Tower
15:44 Nerubian Tower
» items
| Rod of Necromancy | 1 | |
| Dust of Appearance | 1 | |
| Scroll of Healing | 1 | |
| Scroll of Town Portal | 1 | |
4 total
GameSpot (
green | 48 APM | 2278 actions | 47:02)
9 Blood Mage
3 Flame Strike
3 Siphon Mana
1 Summon Phoenix
2 Banish
1 Keeper of the Grove
1 Thorns Aura
1 Warden
1 Blink
» actions
| Assign group hotkey | 242 | |
| Basic commands | 31 | |
| Build / train | 91 | |
| ESC pressed | 1 | |
| Enter build submenu | 46 | |
| Enter hero's abilities submenu | 11 | |
| Give item / drop item | 10 | |
| Remove unit from queue | 2 | |
| Right click | 989 | |
| Select / deselect | 445 | |
| Select group hotkey | 324 | |
| Use ability | 86 | |
2278 total
» units
| Peasant | 17 | |
| Footman | 11 | |
| Gryphon Rider | 18 | |
| Dragonhawk Rider | 1 | |
47 total
» upgrades
| Masonry | 3 | |
| Swords | 3 | |
| Storm Hammers | 1 | |
| Armor | 3 | |
| Lumber Harvesting | 1 | |
| Backpack | 1 | |
12 total
» buildings
| Altar of Kings | 1 | |
| Barracks | 1 | |
| Farm | 13 | |
| Keep | 2 | |
| Lumber Mill | 1 | |
| Scout Tower | 8 | |
| Arcane Tower | 1 | |
| Castle | 2 | |
| Gryphon Aviary | 2 | |
| Blacksmith | 8 | |
| Arcane Vault | 1 | |
| Guard Tower | 6 | |
| Necropolis | 1 | |
| Town Hall | 3 | |
50 total
» build order
00:04 Altar of Kings
00:07 Barracks
00:09 Farm
01:26 Farm
02:36 Farm
03:12 Keep
03:15 Farm
04:15 Lumber Mill
04:31 Scout Tower
05:12 Arcane Tower
05:42 Castle
06:39 Gryphon Aviary
06:44 Gryphon Aviary
07:40 Blacksmith
07:46 Farm
11:53 Arcane Vault
12:12 Farm
12:15 Farm
14:01 Farm
14:44 Farm
15:34 Scout Tower
15:37 Scout Tower
15:44 Scout Tower
16:10 Guard Tower
16:36 Guard Tower
18:26 Necropolis
20:10 Farm
25:19 Town Hall
28:59 Farm
30:02 Scout Tower
30:05 Scout Tower
30:30 Guard Tower
31:31 Guard Tower
31:47 Farm
32:37 Farm
35:07 Town Hall
39:39 Scout Tower
39:40 Scout Tower
40:10 Guard Tower
40:15 Keep
40:33 Guard Tower
41:17 Blacksmith
42:03 Blacksmith
42:06 Blacksmith
42:58 Blacksmith
43:35 Town Hall
44:28 Blacksmith
44:42 Blacksmith
45:15 Blacksmith
45:56 Castle
» items
| Staff of Teleportation | 2 | |
| Boots of Speed | 2 | |
| Scroll of Town Portal | 1 | |
| Scroll of Regeneration | 2 | |
7 total

»
Bravekd (
orange | 49 APM | 840 actions | 17:16)
3 Keeper of the Grove
2 Entangling Roots
1 Thorns Aura
1 Demon Hunter
1 Mana Burn
» actions
| Assign group hotkey | 21 | |
| Basic commands | 101 | |
| Build / train | 56 | |
| ESC pressed | 1 | |
| Enter build submenu | 10 | |
| Enter hero's abilities submenu | 4 | |
| Remove unit from queue | 2 | |
| Right click | 202 | |
| Select / deselect | 205 | |
| Select group hotkey | 203 | |
| Use ability | 35 | |
840 total
» units
| Wisp | 12 | |
| Huntress | 10 | |
| Dryad | 10 | |
| Hippogryph | 10 | |
| Druid of the Talon | 1 | |
43 total
» upgrades
| Reinforced Hides | 1 | |
| Strength of the Wild | 1 | |
2 total
» buildings
| Altar of Elders | 1 | |
| Moon Well | 5 | |
| Ancient of War | 1 | |
| Hunter's Hall | 1 | |
| Tree of Ages | 1 | |
| Ancient of Lore | 1 | |
| Ancient of Wind | 1 | |
11 total
» build order
00:19 Altar of Elders
01:12 Moon Well
01:15 Ancient of War
01:23 Hunter's Hall
02:25 Moon Well
03:18 Moon Well
04:31 Tree of Ages
06:12 Moon Well
07:51 Ancient of Lore
07:54 Ancient of Wind
08:36 Moon Well
» items
| Scroll of Town Portal | 1 | |
| Potion of Lesser Invulnerability | 1 | |
2 total
team 2 (loser)

»
primenumbergen (
blue | 30 APM | 1266 actions | 42:45)
8 Demon Hunter
3 Immolation
3 Evasion
1 Metamorphosis
1 Mana Burn
» actions
| Assign group hotkey | 23 | |
| Basic commands | 2 | |
| Build / train | 72 | |
| Enter build submenu | 28 | |
| Enter hero's abilities submenu | 8 | |
| Remove unit from queue | 2 | |
| Right click | 603 | |
| Select / deselect | 260 | |
| Select group hotkey | 188 | |
| Use ability | 80 | |
1266 total
» units
| Wisp | 23 | |
| Archer | 11 | |
| Chimaera | 7 | |
| Hippogryph | 6 | |
47 total
» upgrades
| Strength of the Wild | 3 | |
| Reinforced Hides | 3 | |
| Corrosive Breath | 1 | |
7 total
» buildings
| Altar of Elders | 3 | |
| Moon Well | 7 | |
| Ancient of War | 1 | |
| Hunter's Hall | 1 | |
| Tree of Ages | 1 | |
| Ancient Protector | 7 | |
| Ancient of Wind | 1 | |
| Tree of Eternity | 1 | |
| Chimaera Roost | 2 | |
| Tree of Life | 2 | |
26 total
» build order
00:04 Altar of Elders
00:08 Moon Well
01:03 Ancient of War
01:31 Moon Well
02:02 Moon Well
02:46 Hunter's Hall
03:06 Moon Well
04:11 Tree of Ages
06:10 Moon Well
06:13 Ancient Protector
06:18 Ancient Protector
06:39 Ancient of Wind
07:31 Tree of Eternity
08:41 Moon Well
10:09 Chimaera Roost
10:10 Chimaera Roost
11:08 Moon Well
11:14 Ancient Protector
21:32 Tree of Life
21:49 Ancient Protector
22:14 Ancient Protector
22:37 Ancient Protector
22:50 Ancient Protector
25:11 Tree of Life
25:18 Altar of Elders
28:05 Altar of Elders
» items
death_blade (
teal | 23 APM | 1032 actions | 44:10)
6 Demon Hunter
3 Evasion
2 Immolation
1 Metamorphosis
1 Priestess of the Moon
1 Trueshot Aura
» actions
| Basic commands | 11 | |
| Build / train | 67 | |
| Enter build submenu | 15 | |
| Enter hero's abilities submenu | 7 | |
| Give item / drop item | 1 | |
| Right click | 369 | |
| Select / deselect | 516 | |
| Use ability | 45 | |
1032 total
» units
| Wisp | 12 | |
| Archer | 13 | |
| Hippogryph | 11 | |
| Chimaera | 3 | |
| Ogre Mauler | 1 | |
| Mud Golem | 1 | |
| Forest Troll Shadow Priest | 1 | |
42 total
» upgrades
| Strength of the Moon | 3 | |
| Moon Armor | 2 | |
| Improved Bows | 1 | |
| Hippogryph Taming | 1 | |
| Marksmanship | 1 | |
| Strength of the Wild | 2 | |
| Reinforced Hides | 1 | |
| Corrosive Breath | 1 | |
12 total
» buildings
| Altar of Elders | 1 | |
| Moon Well | 7 | |
| Ancient of War | 1 | |
| Tree of Ages | 1 | |
| Hunter's Hall | 1 | |
| Ancient of Wind | 3 | |
| Tree of Eternity | 1 | |
| Ancient of Wonders | 1 | |
| Chimaera Roost | 1 | |
| Tree of Life | 1 | |
18 total
» build order
00:17 Altar of Elders
00:20 Moon Well
01:19 Ancient of War
01:34 Moon Well
03:14 Moon Well
05:14 Tree of Ages
06:06 Hunter's Hall
06:54 Moon Well
08:32 Ancient of Wind
08:33 Ancient of Wind
08:39 Tree of Eternity
08:43 Moon Well
08:50 Ancient of Wind
08:54 Ancient of Wonders
11:08 Chimaera Roost
12:20 Moon Well
16:01 Moon Well
18:46 Tree of Life
» items
| Scroll of Town Portal | 1 | |
| Boots of Speed | 1 | |
2 total
GAMESPOT- (
yellow | 46 APM | 2151 actions | 47:00)
6 Mountain King
3 Storm Bolt
2 Bash
1 Avatar
» actions
| Assign group hotkey | 47 | |
| Basic commands | 170 | |
| Build / train | 68 | |
| Enter build submenu | 26 | |
| Enter hero's abilities submenu | 6 | |
| Give item / drop item | 1 | |
| Remove unit from queue | 1 | |
| Right click | 820 | |
| Select / deselect | 206 | |
| Select group hotkey | 722 | |
| Use ability | 84 | |
2151 total
» units
| Peasant | 17 | |
| Footman | 7 | |
| Gryphon Rider | 14 | |
38 total
» upgrades
| Masonry | 1 | |
| Storm Hammers | 1 | |
| Lumber Harvesting | 1 | |
3 total
» buildings
| Altar of Kings | 1 | |
| Barracks | 1 | |
| Farm | 8 | |
| Scout Tower | 5 | |
| Arcane Vault | 2 | |
| Arcane Tower | 2 | |
| Keep | 2 | |
| Lumber Mill | 1 | |
| Guard Tower | 3 | |
| Castle | 1 | |
| Gryphon Aviary | 4 | |
| Town Hall | 1 | |
| Blacksmith | 23 | |
54 total
» build order
00:09 Altar of Kings
00:21 Barracks
00:36 Farm
00:52 Farm
01:31 Farm
01:39 Scout Tower
01:57 Arcane Vault
02:11 Arcane Tower
02:11 Arcane Tower
03:19 Keep
03:20 Keep
03:49 Farm
03:50 Farm
04:26 Lumber Mill
04:31 Scout Tower
04:33 Scout Tower
04:34 Scout Tower
04:35 Scout Tower
05:32 Guard Tower
05:44 Guard Tower
05:51 Guard Tower
06:16 Castle
06:33 Gryphon Aviary
06:35 Gryphon Aviary
08:24 Arcane Vault
08:31 Farm
08:32 Farm
08:32 Farm
09:21 Gryphon Aviary
10:09 Gryphon Aviary
15:15 Town Hall
39:01 Blacksmith
39:59 Blacksmith
40:02 Blacksmith
40:04 Blacksmith
40:19 Blacksmith
40:22 Blacksmith
40:29 Blacksmith
40:53 Blacksmith
40:55 Blacksmith
40:57 Blacksmith
40:58 Blacksmith
41:25 Blacksmith
41:26 Blacksmith
41:28 Blacksmith
42:02 Blacksmith
42:46 Blacksmith
42:48 Blacksmith
42:50 Blacksmith
43:19 Blacksmith
43:21 Blacksmith
43:23 Blacksmith
43:25 Blacksmith
43:27 Blacksmith
» items
| Scroll of Regeneration | 3 | |
| Staff of Teleportation | 1 | |
| Potion of Lesser Invulnerability | 2 | |
| Scroll of Town Portal | 3 | |
| Potion of Mana | 1 | |
| Potion of Healing | 1 | |
11 total
iamsad (
purple | 50 APM | 1111 actions | 22:25)
5 Blademaster
3 Wind Walk
2 Critical Strike
2 Shadow Hunter
1 Hex
1 Healing Wave
» actions
| Assign group hotkey | 18 | |
| Basic commands | 19 | |
| Build / train | 52 | |
| Enter build submenu | 21 | |
| Enter hero's abilities submenu | 7 | |
| Right click | 467 | |
| Select / deselect | 188 | |
| Select group hotkey | 273 | |
| Use ability | 66 | |
1111 total
» units
| Peon | 11 | |
| Wind Rider | 9 | |
| Troll Witch Doctor | 4 | |
| Troll Batrider | 1 | |
25 total
» upgrades
| Ranged Weapons | 2 | |
| Armor | 1 | |
| Witch Doctor Training | 2 | |
| Envenomed Spears | 1 | |
| Reinforced Defenses | 1 | |
7 total
» buildings
| Orc Burrow | 7 | |
| Altar of Storms | 1 | |
| Voodoo Lounge | 1 | |
| Stronghold | 1 | |
| War Mill | 1 | |
| Spirit Lodge | 1 | |
| Beastiary | 2 | |
| Fortress | 3 | |
| Great Hall | 2 | |
| Watch Tower | 4 | |
23 total
» build order
00:08 Orc Burrow
00:11 Altar of Storms
01:16 Voodoo Lounge
02:21 Stronghold
02:48 War Mill
03:26 Orc Burrow
04:34 Orc Burrow
04:53 Spirit Lodge
04:55 Beastiary
04:59 Beastiary
05:38 Orc Burrow
06:39 Orc Burrow
07:33 Fortress
07:33 Fortress
10:28 Great Hall
14:20 Great Hall
20:59 Orc Burrow
21:02 Orc Burrow
21:03 Watch Tower
21:12 Watch Tower
21:24 Watch Tower
21:29 Watch Tower
» items
| Healing Salve | 1 | |
| Lesser Clarity Potion | 1 | |
| Scroll of Speed | 1 | |
| Staff of Teleportation | 1 | |
| Boots of Speed | 1 | |
| Scroll of Town Portal | 1 | |
| Potion of Lesser Invulnerability | 1 | |
7 total
Chat log
(00:19 / All) GameSpot: time4change, do you support barack obama?
(00:27 / Allies) Time4Change: nope
(00:34 / All) GameSpot: he says nope. he doesn't want change
(00:40 / All) iamsad: fag american
(00:44 / All) iamsad: ur all idiots
(00:46 / All) GameSpot: I am scottish-canadian you clown
(00:51 / All) GameSpot: shut the fuck up, brazilian
(01:05 / All) iamsad: lawl
(01:07 / All) iamsad: idiot
(01:10 / All) GameSpot: do you enjoy brazil's cholera infected peoples?
(01:19 / All) GameSpot: it must be nice living in the 3rd world
(01:31 / Allies) Bravekd: hero red?
(01:34 / Allies) 365daysayear: ?
(01:35 / All) iamsad: ramble on more idiot american
(01:40 / All) GameSpot: scottish-canadian
(01:41 / Allies) Bravekd: what hero u going?
(01:44 / Allies) 365daysayear: warden
(01:46 / All) GameSpot: shut the fuck up, chad motherfucking jones
(01:50 / All) iamsad: than why the fuck u talk about the us
(01:52 / All) iamsad: idiot
(01:57 / All) GameSpot: because canada is next to them
(01:58 / All) GameSpot: duh?
(02:18 / All) GameSpot: you really are more stupid than you look, purp
(02:34 / All) iamsad: people like u make me sad
(02:42 / All) GameSpot: people like you are worse
(02:43 / All) iamsad: u make this world a bad place
(02:46 / All) GameSpot: they are about to get rocked in wc3
(02:55 / Allies) 365daysayear: stfu green
(02:56 / All) GameSpot: what luck I have
(03:02 / All) GameSpot: shut your whore mouth, red
(03:18 / All) iamsad: green go fuck an egloo
(03:22 / Allies) Time4Change: yellow looks noob
(03:24 / All) GameSpot: you almost lagged out
(03:25 / All) GameSpot: purp
(03:29 / All) GameSpot: upgrade your internet
(03:30 / All) iamsad: what 10 secs
(03:31 / All) GameSpot: 3rd world faggot
(03:33 / All) iamsad: yes rly close
(03:44 / Allies) 365daysayear: just lose the game
(04:01 / Allies) GameSpot: we can stab you first, you know
(04:18 / Allies) Time4Change: u ok ornage
(04:32 / Allies) Time4Change: ill get dust
(04:37 / Allies) Bravekd: cool
(04:42 / Allies) GameSpot: story bro
(05:09 / All) GameSpot: purp, do you like getting buttfucked so hard that your body becomes gangrene?
(05:20 / All) iamsad: wow a gay canadian
(05:26 / All) GameSpot: scottish-canadian
(05:27 / All) GameSpot: brazilian
(05:29 / All) iamsad: stfu
(05:31 / All) iamsad: rly
(05:32 / All) GameSpot: heuheueheueheueheueheu
(06:24 / Allies) GameSpot: gold please
(06:33 / Allies) GameSpot: thanks
(07:58 / All) GameSpot: that's brazilian internet for you
(07:58 / All) GameSpot: heuheuheuheuheuheuheu
(08:07 / All) iamsad: dude just stfu no 1 likes u
(09:26 / Allies) Time4Change: no towers
(09:44 / All) GameSpot: raped
(09:52 / All) iamsad: noob
(10:02 / All) GameSpot: orctrash
(10:17 / Allies) GameSpot: gold please
(10:31 / Allies) GameSpot: thanks
(11:10 / All) GameSpot: purp, you are on a level 1 account.
(11:21 / All) iamsad: i smurf idiot
(11:29 / All) iamsad: so i can tk people like u
(11:38 / All) GameSpot: that means you lose every game
(12:37 / All) GameSpot: you mad purp? nice expo
(12:38 / All) GameSpot: o wait
(12:43 / All) primenumbergen: cancel
(12:54 / Allies) GameSpot: wood please
(12:57 / Allies) GameSpot: thanks
(14:59 / Allies) 365daysayear: lets mee
(15:06 / Allies) 365daysayear: dont go alone man
(16:03 / Allies) Time4Change: tp
(16:04 / Allies) Time4Change: tp
(16:06 / Allies) Bravekd: go
(16:45 / Allies) Time4Change: green fucking runs
(16:56 / Allies) 365daysayear: gg
(16:56 / All) iamsad: gj green
(16:58 / All) iamsad: run more
(16:59 / All) GameSpot: ty
(20:25 / All) primenumbergen: DUDE
(20:31 / All) iamsad: well peace out idiots u and green
(20:32 / All) GameSpot: just leave faggots
(20:47 / All) GameSpot: get raped, son
(20:50 / All) GameSpot: you mad purp?
(20:55 / All) iamsad: no man
(20:56 / All) iamsad: why
(21:00 / All) GameSpot: you got buttfucked
(21:05 / All) GameSpot: your w/l is going to be 100% LOSS
(21:06 / All) iamsad: gay agian?
(21:07 / All) iamsad: rly
(21:09 / All) GameSpot: because you're so bad
(21:22 / All) iamsad: dude get a life wcs fun and u make it gay
(21:26 / All) GameSpot: yep
(21:28 / All) GameSpot: we owned you
(21:38 / All) GameSpot: surprising the names didn't catch you on
(21:39 / All) iamsad: lol seeing how u need a tker to win
(21:40 / All) GameSpot: SON
(21:41 / All) iamsad: lol
(21:49 / All) GameSpot: just shows how shitty you are
(21:51 / All) GameSpot: losing 1v7
(22:00 / All) GameSpot: you are the 7
(22:22 / All) iamsad: ya well bye noobs, hope u go jump off a bridge soon, rid us of ur gay scotishness fags
(25:53 / All) GAMESPOT-: BLUE I AM STRAIGHT A STUDENT PLZ RESPECT ME
(26:46 / All) GameSpot: yellow
(26:47 / All) GameSpot: you suck
(26:51 / All) GameSpot: such a shitty player
(26:54 / All) GAMESPOT-: ill own u hard
(26:56 / All) GameSpot: grade F wc3 player
(26:59 / All) GameSpot: grade A student
(27:09 / All) GameSpot: mass gryphon all day, every day
(27:11 / All) GameSpot: one trick pony
(28:38 / All) GAMESPOT-: u suck green u dipshit noob
(28:42 / All) GameSpot: LOL
(28:44 / All) GameSpot: I rolled you
(28:46 / All) GameSpot: 1v7
(28:54 / All) GameSpot: would be easy without shit team mates
(29:34 / All) GAMESPOT-: blue gave me his resources now you're dead u piece of trash
(29:40 / All) GameSpot: LOL
(29:42 / All) GameSpot: riiiight
(29:45 / All) GameSpot: shit eater
(29:50 / All) GameSpot: keep putting your foot in your own mouth
(30:22 / All) GameSpot: wisps got raped
(30:26 / All) GameSpot: by a NOOB ELF
(30:27 / All) GameSpot: LMAO
(34:02 / All) GameSpot: me share a dough. blood mage is retarded
(35:49 / All) GameSpot: owned
(35:51 / All) GameSpot: gtfo teal
(35:54 / All) GameSpot: get the FUCK out
(35:59 / All) death_blade: lol fuck u
(36:02 / All) GameSpot: raped
(36:04 / All) GameSpot: SON
(36:06 / All) death_blade: yellow tked us
(36:07 / All) GameSpot: trashcan player
(36:08 / All) GameSpot: you blow
(36:09 / All) GAMESPOT-: teal you offended me
(36:10 / All) death_blade: eat a dick
(36:11 / All) GameSpot: go fuck yourself
(36:12 / All) death_blade: u cunt
(36:15 / All) GAMESPOT-: teal, green beat u 1v4
(36:18 / All) GAMESPOT-: he is pro
(36:20 / All) GameSpot: walking bag of human dung
(36:23 / All) GameSpot: you suck teal
(36:28 / All) death_blade: yep
(36:29 / All) GameSpot: I am a former rank #1 RT player
(36:31 / All) death_blade: i suck
(36:35 / All) GameSpot: you are a shiteater
(36:41 / All) death_blade: am that means what
(36:41 / All) GameSpot: go blow it out your ass
(36:48 / All) GameSpot: rank #1 world RANDOM TEAM player
(36:49 / All) GameSpot: dumbFUCK
(37:07 / All) death_blade: yeah that also means u get no pussy
(37:13 / All) GameSpot: way more than you
(37:14 / All) GameSpot: BRO
(37:19 / All) death_blade: i beat
(37:20 / All) GameSpot: I eat pussies for breakfast
(37:23 / All) GameSpot: you beat yourself
(37:25 / All) GameSpot: WITH YOUR HAND
(37:26 / All) GAMESPOT-: u beat?
(37:27 / All) GameSpot: all day
(37:30 / All) GameSpot: EVERY DAY
(37:35 / All) death_blade: and you also make 7 figures im sure
(37:39 / All) GameSpot: I do
(37:42 / All) GameSpot: soon
(37:48 / All) death_blade: ok
(37:49 / All) GameSpot: working on a theoretical physics Ph.D.
(38:04 / All) death_blade: nice
(38:06 / All) GameSpot: tyty
(38:19 / All) GAMESPOT-: blue
(38:21 / All) GAMESPOT-: u here?
(38:24 / All) GAMESPOT-: dont take this personal
(38:29 / All) death_blade: well at least yellow will get his
(38:36 / All) death_blade: so go green
(38:38 / All) GAMESPOT-: get what?
(38:39 / All) GAMESPOT-: lawl
(38:47 / All) death_blade: ur ass kicked cunt
(38:48 / All) GameSpot: my warden asks if you have reached a verdict
(38:50 / All) GameSpot: teal
(38:59 / All) GameSpot: yellow asked me to kill him. he was destroyed on request.
(39:05 / All) GameSpot: unlike your shitcovered asshole.
(39:10 / All) death_blade: lol
(39:14 / All) GameSpot: eat shit and die.
(39:22 / All) GameSpot: you are an inspiration for birth control.
(39:24 / All) death_blade: i already have
(39:29 / All) GameSpot: I know you already are
(39:31 / All) death_blade: no condoms
(39:32 / All) GameSpot: faggot
(39:43 / All) GAMESPOT-: teal i have the power here
(39:49 / All) death_blade: ok
(39:51 / All) GameSpot: bet you need condoms to get raped all day long
(39:51 / All) death_blade: kool
(39:52 / All) GameSpot: teal
(39:52 / All) GAMESPOT-: i can do nothing but mass blacksmiths and green will not hurt me
(39:55 / All) death_blade: ur still gay
(40:02 / All) GameSpot: I know you getting fucked so hard is "kool"
(40:14 / All) GAMESPOT-: teal u could have beat me if you massed hippos faster
(40:21 / All) death_blade: lol i know
(40:22 / All) GameSpot: he sucks way too much to do that
(40:25 / All) GameSpot: he's a one trick pony
(40:33 / All) death_blade: didnt think you were going to tk
(40:42 / All) GameSpot: that was your first mistake
(40:45 / All) GameSpot: we have the same name
(40:45 / All) GAMESPOT-: teal i admire your candor
(40:47 / All) GameSpot: assume the worst
(40:48 / All) GAMESPOT-: you are a warrior
(41:00 / All) death_blade: lol
(41:49 / All) GameSpot: the warden is the iron hand of justice
(41:53 / All) GameSpot: I guess she masturbates like teal
(42:26 / All) death_blade: you really are massing them
(42:27 / All) death_blade: lol
(42:32 / All) GameSpot: yep
(42:34 / All) GAMESPOT-: like i said teal
(42:36 / All) GAMESPOT-: i have the power
(42:51 / All) GameSpot: blue left
(42:54 / All) GameSpot: that took al ong time
(42:57 / All) death_blade: what is green doing
(43:03 / All) GameSpot: mass blacksmith
(43:04 / All) GameSpot: DUH
(43:19 / All) death_blade: lol
(43:26 / All) death_blade: waste of time but funny
(43:29 / All) GameSpot: all the former rank #1 RT players mass black smith
(43:37 / All) death_blade: so this game will last all night
(43:41 / All) GameSpot: obviously
(43:45 / All) GameSpot: we will give you the win at the end
(43:47 / All) GameSpot: don't worry
(43:56 / All) death_blade: well im out
(43:58 / All) death_blade: gg
(44:02 / All) death_blade: to you both
(44:04 / All) GameSpot: gg
(46:52 / All) GAMESPOT-: nvm my team loses,
(46:56 / All) GameSpot: k
(46:59 / All) GameSpot: good job